 Dungeon Crawl Stone Soup version 0.30-a0-331-g8ab09dc110 (webtiles) character file.

Game seed: 15777979982927842753

182 Muataran the Trooper (level 5, 0/48 HPs)
             Began as a Hill Orc Fighter on Oct 29, 2022.
             Slain by a lemure (4 damage)
             ... led by Pikel
             ... on level 4 of the Dungeon.
             The game lasted 00:05:37 (1939 turns).

Muataran the Trooper (Hill Orc Fighter)             Turns: 1939, Time: 00:05:39

Health: 0/48       AC:  9    Str: 21    XL:     5   Next: 61%
Magic:  5/5        EV:  9    Int:  8    God:
Gold:   75         SH:  5    Dex: 10    Spells: 4/4 levels left

rFire   . . .      SeeInvis .    a - +0 war axe
rCold   . . .      Faith    .    c - +1 buckler
rNeg    . . .      Spirit   .    b - +0 scale mail
rPois   .          Reflect  .    i - +2 hat
rElec   .          Harm     .    (no cloak)
rCorr   .          Rampage  .    (no gloves)
Will    .....                    (no boots)
Stlth   ..........               (no amulet)
HPRegen 0.28/turn                (no ring)
MPRegen 0.09/turn                (no ring)

@: mighty
A: no striking features
a: no special abilities


You were on level 4 of the Dungeon.
You visited 1 branch of the dungeon, and saw 4 of its levels.

You collected 145 gold pieces.
You spent 70 gold pieces at shops.

Inventory:

Hand Weapons
 a - a +0 war axe (weapon)
Armour
 b - a +0 scale mail (worn)
 c - a +1 buckler (worn)
 i - a +2 hat (worn)
Jewellery
 n - a +4 ring of protection
Scrolls
 g - 3 scrolls of teleportation
 k - 2 scrolls of identify
 m - a scroll of acquirement {unknown}
Potions
 d - a potion of might
 e - a potion of degeneration {unknown}
 f - 2 potions of brilliance
 h - 2 potions of heal wounds {unknown}
 l - a potion of resistance {unknown}


   Skills:
 + Level 5.0 Fighting
 + Level 4.5 Axes
 + Level 4.5 Armour
 - Level 4.0 Shields


You had 4 spell levels left.
You didn't know any spells.
Your spell library contained the following spells:

 Spells                   Type           Power      Damage    Failure   Level
 Blink                    Tloc           0%         N/A       92%         2
 Momentum Strike          Conj/Tloc      0%         3d8       92%         2
 Lesser Beckoning         Tloc           0%         N/A       99%         3


Dungeon Overview and Level Annotations

Branches:
Dungeon (4/15)
 Temple: D:4-7

Altars:

Shops:
D:2 *

Annotations:
D:3 Pikel
D:4 Edmund


Message History

Edmund hits you but does no damage.
You slash Edmund!
Edmund is heavily wounded.
Edmund hits you with a +1 vorpal flail. The goblin hits you but does no damage.
Edmund barely misses you.
A goblin comes into view. It is wielding a +0 dagger.
The lemure barely misses you.
You closely miss Edmund.
Edmund is heavily wounded.
You hit the lemure. You closely miss the goblin.
The goblin hits you but does no damage. You block Edmund's attack.
The lemure hits you.
You barely miss Edmund.
Edmund is heavily wounded.
You miss the goblin. You hit the lemure. The goblin closely misses you.
You block Edmund's attack. The lemure hits you but does no damage.
You closely miss Edmund.
Edmund is heavily wounded.
You slash the goblin!
You kill the goblin!
You slash the lemure!
Edmund says, "People think my brother is the best.
I think he's crazy."
Edmund hits you but does no damage. The lemure hits you but does no damage.
Edmund barely misses you. The lemure hits you.
You barely miss Edmund.
Edmund is heavily wounded.
You completely miss the lemure. Edmund hits you with a +1 vorpal flail.
* * * LOW HITPOINT WARNING * * *
x2 The lemure completely misses you.
You barely miss Edmund.
Edmund is heavily wounded.
You hit the lemure. Edmund hits you but does no damage.
The lemure hits you but does no damage.
You barely miss Edmund.
Edmund is heavily wounded.
You closely miss the goblin. You closely miss the lemure.
The goblin hits you but does no damage. Edmund hits you with a +1 vorpal flail!
* * * LOW HITPOINT WARNING * * *
x2 The lemure hits you.
You die...

......# . ....... ..
## .......
#.$##.##.......
...............
##.............
.......g....... ...
#....†@......#
#..........5@......
#...####........$..
##... ............#
##....###...........#
##.. ...##............
.....##.##...........#
#.$.....<#............
#................


You could see Edmund, a lemure and a goblin.

Vanquished Creatures
  A water moccasin (D:3)
  An adder (D:3)
  2 dart slugs
  6 ball pythons
  9 bats
  2 endoplasms (D:1)
  4 giant cockroaches
  5 hobgoblins
  6 quokkas
  A frilled lizard (D:1)
  11 goblins
  8 kobolds
  5 rats
61 creatures vanquished.

Notes
Turn   | Place    | Note
-------+----------+-------------------------------------------
     0 | D:1      | Muataran the Hill Orc Fighter began the quest for the Orb.
     0 | D:1      | Reached XP level 1. HP: 19/19 MP: 1/1
    82 | D:1      | Reached XP level 2. HP: 27/27 MP: 2/2
   337 | D:1      | Reached skill level 4 in Fighting
   388 | D:1      | Reached XP level 3. HP: 26/33 MP: 3/3
   981 | D:2      | Found Pofonlui's General Store.
   996 | D:2      | Bought a potion of might for 40 gold pieces
   996 | D:2      | Bought a potion of curing for 30 gold pieces
  1114 | D:3      | Reached XP level 4. HP: 19/40 MP: 4/4
  1567 | D:4      | Noticed a lemure
  1567 | D:4      | Noticed a water moccasin
  1568 | D:4      | Noticed Pikel
  1568 | D:4      | Noticed a lemure
  1568 | D:4      | Noticed a lemure
  1568 | D:4      | Noticed a lemure
  1582 | D:3      | Killed a water moccasin
  1583 | D:3      | Reached XP level 5. HP: 7/47 MP: 5/5
  1750 | D:3      | HP: 1/47 [lemure[Pikel] (3)]
  1927 | D:4      | Noticed Edmund
  1932 | D:4      | Reached skill level 5 in Fighting
  1939 | D:4      | Slain by a lemure

Illustrated notes

Levels and vault maps discovered:
D:1:      dreamdust_arrival_sigmund_warning, layout_basic
D:2:      cheibrodos_helix_gallery, layout_basic, serial_shops, shop_fountains
D:3:      layout_rooms
D:4:      wander_river, layout_cave_pools, lemuel_tele_altar,
          mainiacjoe_overflow_concentric_impassable, uniq_grinder, uniq_ijyb,
          uniq_pikel, uniq_edmund

Skill      XL: |  1  2  3  4  5 |
---------------+----------------+-----
Axes           | 3 4 |  4.5
Fighting       | 4 5 |  5.0
Shields        | 4 |  4.0
Armour         | 4 |  4.5

Action                   |  1- 3 |  4- 6 || total
-------------------------+-------+-------++-------
Melee: War axe           |   105 |    54 ||   159
  Use: Scroll            |     4 |     1 ||     5
       Potion            |       |     2 ||     2
Armor: Scale mail        |    67 |    55 ||   122
Dodge: Dodged            |    35 |    32 ||    67
Block: Buckler           |    25 |    24 ||    49

Table legend: (Time is in decaauts)
 A = Elapsed time spent in this place.
 B = Non-inter-level travel time spent in this place.
 C = Inter-level travel time spent in this place.
 D = Time resting spent in this place.
 E = Time spent auto-exploring this place.
 F = Levels seen in this place.
 G = Mean time per level.
                   A        B        C        D        E       F      G
               +--------+--------+--------+--------+--------+-----+--------+
         Total |   2002 |   1946 |     56 |    292 |   1232 |   4 |  500.5 |
       Dungeon |   2002 |   1946 |     56 |    292 |   1232 |   4 |  500.5 |
               +--------+--------+--------+--------+--------+-----+--------+

Top non-repeatable levels by time:
     D:3: 705 daAuts
     D:2: 683 daAuts
     D:1: 588 daAuts
     D:4: 25 daAuts
